 Dungeon Crawl Stone Soup version 0.18.1-5-g4a78601 (webtiles) character file.

9993 pipel the Bludgeoner (level 11, 0/110 HPs)
             Began as an Ogre Berserker on May 14, 2016.
             Was a High Priest of Trog.
             Slain by an unseen horror (7 damage)
             ... on level 11 of the Dungeon.
             The game lasted 00:26:28 (9887 turns).

pipel the Bludgeoner (Ogre Berserker)               Turns: 9887, Time: 00:26:29

Health: 0/110      AC:  5    Str: 26 (27) XL:     11   Next: 55%
Magic:  11/11      EV: 11    Int:  5 (6)  God:    Trog [*****.]
Gold:   781        SH:  0    Dex: 11      Spells: 0 memorised, 10 levels left

rFire  . . .     SeeInvis .     a - +3 morningstar
rCold  . . .     Gourm    .     o - +1 animal skin
rNeg   + . .     Faith    .     (no shield)
rPois  .         Spirit   .     (helmet restricted)
rElec  .         Dismiss  .     z - +0 cloak
rCorr  .         Reflect  .     (gloves unavailable)
SustAt .         Harm     .     (boots unavailable)
MR     +....                    (no amulet)
Stlth  +.........               R - ring of flight
                                M - ring of positive energy

@: somewhat resistant to hostile enchantments, very unstealthy
A: unfitting armour, horns 1, talons 1, agile 1, deterioration 1, frail 1,
mutation resistance 1, tough skin 1
a: Berserk, Trog's Hand, Brothers in Arms, Burn Spellbooks, Renounce Religion,
Evoke Flight


You were on level 11 of the Dungeon.
You worshipped Trog.
Trog was extremely pleased with you.
You were very full.

You visited 1 branch of the dungeon, and saw 11 of its levels.

You collected 781 gold pieces.

Inventory:

Hand Weapons
 a - a +3 morningstar (weapon)
 b - a +0 blowgun
 D - a +0 giant spiked club
 U - a +1 mace of holy wrath
Missiles
 k - 14 tomahawks
 n - 39 poisoned needles
 x - 3 throwing nets
 H - 7 poisoned javelins (quivered)
 N - 6 javelins
 S - 8 large rocks
Armour
 o - a +1 animal skin (worn)
 z - a +0 cloak (worn)
Jewellery
 B - an uncursed ring of teleportation
 M - a ring of positive energy (left hand)
 R - a ring of flight (right hand)
Wands
 d - a wand of slowing (42/48)
 m - a wand of enslavement (6/24)
 q - a wand of flame (0/48)
 E - a wand of flame (22/48)
 K - a wand of digging (9/24)
 Q - a wand of lightning (5/15)
 T - a wand of disintegration (4/24)
 W - a wand of disintegration (12/24)
 X - a wand of heal wounds (3/9)
Scrolls
 i - a scroll of magic mapping
 s - a scroll of identify
 t - 10 scrolls of remove curse
 u - 9 scrolls of teleportation
 v - a scroll of immolation
 w - a scroll of vulnerability {unknown}
 P - a scroll of recharging
 Y - a scroll of enchant armour
Potions
 e - a potion of agility
 f - 4 potions of resistance
 g - a potion of might
 h - 4 potions of curing
 j - 2 potions of magic
 l - a potion of heal wounds
 p - a potion of brilliance
 F - a potion of mutation
 Z - a potion of cancellation
Books
 y - a book of Necromancy

   Spells                             Type                      Level
   a - Pain                           Necromancy                   1
   b - Animate Skeleton               Necromancy                   1
   c - Vampiric Draining              Necromancy                   3
   d - Regeneration                   Charms/Necromancy            3
   e - Animate Dead                   Necromancy                   4
   f - Control Undead                 Necromancy                   4
   Trog disapproves of the use of such an item.
 J - an Akashic Record

   Spells                             Type                      Level
   a - Dispersal                      Translocation                6
   b - Malign Gateway                 Summoning/Translocation      7
   c - Disjunction                    Translocation                8
   d - Controlled Blink               Translocation                8
   Trog disapproves of the use of such an item.
 L - a book of Party Tricks

   Spells                             Type                      Level
   a - Summon Butterflies             Summoning                    1
   b - Apportation                    Translocation                1
   c - Tukima's Dance                 Hexes                        3
   d - Alistair's Intoxication        Transmutation/Poison         5
   e - Invisibility                   Hexes                        6
   Trog disapproves of the use of such an item.
Comestibles
 c - 7 bread rations
 r - 2 fruits
 I - 2 royal jellies
 O - 6 beef jerkies


   Skills:
 + Level 12.1 Fighting
 * Level 17.4 Maces & Flails
 + Level 3.7 Throwing
 - Level 4.4 Dodging
 - Level 1.0 Stealth
 + Level 1.2 Evocations


You had 10 spell levels left.
You didn't know any spells.

Dungeon Overview and Level Annotations

Branches:
Dungeon (11/15)            Temple (0/1) D:6            Lair (0/8) D:10
    Orc (0/2) D:10

Altars:
Ashenzari
Dithmenos
Elyvilon
Makhleb
Nemelex Xobeh
Okawaru
Pakellas
Qazlal
Ru
Sif Muna
Trog
Vehumet
Xom
Yredelemnul
The Shining One


Innate Abilities, Weirdness & Mutations

You are too large for most types of armour.
You have tough skin (AC +1).
You have a pair of small horns on your head.
You have sharp toenails.
You are agile. (Dex +2)
Your body sometimes deteriorates upon taking damage.
You are frail (-10% HP).
You are somewhat resistant to further mutation.


Message History

You barely miss something. You claw something. Your headbutt misses something.
Something hits you!
* * * LOW HITPOINT WARNING * * *
You take 11 damage, and have 16/110 hp.
You swing at nothing.
Something hits you!
* * * LOW HITPOINT WARNING * * *
You take 10 damage, and have 6/110 hp.
Drink which item? (? for menu, Esc to quit)
You feel much better. Something hits you!
* * * LOW HITPOINT WARNING * * *
Your body deteriorates!
You feel dopey.
You regained 15 hp, and now have 21/110 hp.
You swing at nothing.
You hit something but do no damage. You claw something. Something hits you!
* * * LOW HITPOINT WARNING * * *
Something hits you!
* * * LOW HITPOINT WARNING * * *
You take 14 damage, and have 7/110 hp.
You barely miss something. Your kick misses something. Something hits you!
You die...

#.##.....####.# ##....
#.##..#.....#.###(....
#+##..##.##...>.......
#....#.#............
#.##.#...##.#...#.##
######.##.##..#..........
.....####.#......##.#####
#####...##...#..#.##.#
.........@.#.#.......#
######.###.....#.####
########.$#..#.....#
#...........##..#.##
#..$......####....#
#..............##.#
#....!....####. #.#
#.........# #> #.#
#.......... ## #.. ##


There were no monsters in sight!

Vanquished Creatures
  Josephine (D:9)
  Urug (D:10)
  Nergalle (D:10)
  2 hill giants (D:10)
  A manticore (D:11)
  A guardian serpent (D:11)
  Joseph (D:10)
  A gargoyle (D:10)
  Prince Ribbit (D:8)
  4 wraiths
  4 yaks (D:9)
  A hippogriff (D:9)
  A water moccasin (D:10)
  5 ice beasts
  3 sky beasts
  A black bear (D:4)
  3 orc warriors (D:10)
  3 ogres
  4 centaurs
  Blork the orc (D:4)
  A big kobold (D:9)
  6 giant frogs
  6 scorpions
  4 wights (D:9)
  2 howler monkeys (D:9)
  6 crimson imps
  A giant frog zombie (D:9)
  A quasit (D:5)
  5 hounds
  2 jellies
  4 orc priests
  2 centaur skeletons (D:8)
  A giant frog skeleton (D:10)
  8 orc wizards
  7 worker ants
  2 hound zombies
  A hound skeleton (D:11)
  4 worker ant zombies
  6 gnolls
  10 adders
  2 shadow imps
  An ooze (D:1)
  An adder zombie (D:7)
  An adder skeleton (D:7)
  3 worms (D:2)
  2 dart slugs
  6 giant geckos
  39 orcs
  2 giant cockroaches (D:4)
  6 goblins
  5 hobgoblins
  12 jackals
  12 kobolds
  6 quokkas
  8 bats
  A giant gecko skeleton (D:4)
  4 giant newts
  A quokka skeleton (D:4)
  7 rats
238 creatures vanquished.

Notes
Turn   | Place    | Note
--------------------------------------------------------------
     0 | D:1      | pipel the Ogre Berserker began the quest for the Orb.
     0 | D:1      | Reached XP level 1. HP: 24/24 MP: 1/1
    40 | D:1      | Reached XP level 2. HP: 31/32 MP: 2/2
   179 | D:1      | Reached XP level 3. HP: 36/40 MP: 3/3
   322 | D:1      | Reached ** piety under Trog
   558 | D:2      | Reached skill level 5 in Maces & Flails
   764 | D:2      | Found a stormy altar of Qazlal.
   849 | D:2      | Reached XP level 4. HP: 15/49 MP: 4/4
  1656 | D:3      | Found a deep blue altar of Sif Muna.
  1733 | D:3      | Reached skill level 5 in Fighting
  1851 | D:3      | Reached XP level 5. HP: 57/57 MP: 5/5
  2129 | D:3      | Found a burning altar of Makhleb.
  2129 | D:3      | Found a radiant altar of Vehumet.
  2157 | D:3      | Reached *** piety under Trog
  2249 | D:3      | Reached XP level 6. HP: 38/67 MP: 6/6
  2492 | D:4      | Reached skill level 6 in Maces & Flails
  2492 | D:4      | Reached skill level 1 in Stealth
  2620 | D:4      | Found a bloodstained altar of Trog.
  2739 | D:4      | Noticed Blork the orc
  2744 | D:4      | Killed Blork the orc
  2744 | D:4      | Reached skill level 7 in Maces & Flails
  2744 | D:4      | Reached XP level 7. HP: 23/76 MP: 7/7
  3014 | D:4      | Received a gift from Trog
  3184 | D:5      | Entered Level 5 of the Dungeon
  3242 | D:5      | Reached skill level 8 in Maces & Flails
  3586 | D:5      | Found a radiant altar of Vehumet.
  3626 | D:5      | Reached XP level 8. HP: 80/87 MP: 8/8
  3734 | D:5      | Reached skill level 9 in Maces & Flails
  3902 | D:5      | Found a shattered altar of Ashenzari.
  3989 | D:6      | Found a staircase to the Ecumenical Temple.
  4067 | D:6      | Found a sparkling altar of Nemelex Xobeh.
  4068 | D:6      | Found a basalt altar of Yredelemnul.
  4405 | D:6      | Reached skill level 10 in Maces & Flails
  5365 | D:7      | Found a shimmering altar of Xom.
  5479 | D:7      | Reached skill level 11 in Maces & Flails
  5716 | D:7      | Found a shadowy altar of Dithmenos.
  5716 | D:7      | Found a white marble altar of Elyvilon.
  5718 | D:7      | Found an iron altar of Okawaru.
  5777 | D:7      | Reached XP level 9. HP: 85/97 MP: 9/9
  6273 | D:8      | Found a sacrificial altar of Ru.
  6512 | D:8      | Reached skill level 12 in Maces & Flails
  6560 | D:8      | Noticed Prince Ribbit
  6582 | D:8      | Killed Prince Ribbit
  6582 | D:8      | Reached **** piety under Trog
  6990 | D:9      | Reached skill level 1 in Throwing
  7140 | D:9      | Reached skill level 13 in Maces & Flails
  7142 | D:9      | Reached skill level 10 in Fighting
  7165 | D:9      | Gained mutation: You have a pair of small horns on your head. [mutagenic meat]
  7166 | D:9      | Gained mutation: You are agile. (Dex +2) [mutagenic meat]
  7167 | D:9      | Gained mutation: You are frail (-10% HP). [mutagenic meat]
  7168 | D:9      | Gained mutation: Your body sometimes deteriorates upon taking damage. [mutagenic meat]
  7170 | D:9      | Gained mutation: You have sharp toenails. [mutagenic meat]
  7189 | D:9      | Reached XP level 10. HP: 67/99 MP: 10/10
  7191 | D:9      | Reached skill level 14 in Maces & Flails
  7234 | D:9      | Found an oddly glowing altar of Pakellas.
  7358 | D:9      | Found a glowing golden altar of the Shining One.
  7486 | D:10     | Entered Level 10 of the Dungeon
  7486 | D:10     | Noticed Josephine
  7500 | D:9      | Killed Josephine
  7745 | D:10     | Reached skill level 15 in Maces & Flails
  7794 | D:10     | Noticed a gargoyle
  7805 | D:10     | Killed a gargoyle
  8163 | D:10     | Reached skill level 1 in Evocations
  8194 | D:10     | Reached ***** piety under Trog
  8211 | D:10     | Found a sacrificial altar of Ru.
  8274 | D:10     | Noticed a hill giant
  8282 | D:10     | Killed a hill giant
  8282 | D:10     | Reached skill level 16 in Maces & Flails
  8355 | D:10     | Noticed Urug
  8358 | D:10     | Noticed Joseph
  8375 | D:10     | Killed Urug
  8375 | D:10     | Reached XP level 11. HP: 96/108 MP: 11/11
  8623 | D:10     | Killed Joseph
  8659 | D:10     | Found a staircase to the Lair.
  8673 | D:10     | Noticed Nergalle
  8681 | D:10     | Killed Nergalle
  8684 | D:10     | Received a gift from Trog
  8766 | D:10     | Reached skill level 17 in Maces & Flails
  8891 | D:10     | Found a staircase to the Orcish Mines.
  8893 | D:10     | Noticed a hill giant
  8898 | D:10     | Killed a hill giant
  9210 | D:11     | Got a pitted trident
  9211 | D:11     | Identified the +9 trident "Taomnar" {antimagic, rF+ rN+ Str+2} (You found it on level 11 of the Dungeon)
  9282 | D:11     | Gained mutation: You are somewhat resistant to further mutation. [potion of mutation]
  9409 | D:11     | Noticed a manticore
  9415 | D:11     | Killed a manticore
  9887 | D:11     | Slain by an unseen horror

Skill      XL: |  1  2  3  4  5  6  7  8  9 10 11 |
---------------+----------------------------------+-----
Dodging        | 3 4 |  4.4
Maces & Flails | 5 7 8 11 13 16 17 | 17.4
Fighting       | 5 6 7 8 10 11 12 | 12.1
Stealth        | 1 |  1.0
Throwing       | 1 3 |  3.7
Evocations     | 1 |  1.2

Action                   |  1- 3 |  4- 6 |  7- 9 | 10-12 || total
-------------------------+-------+-------+-------+-------++-------
Melee: Mace              |    92 |    97 |   239 |       ||   428
       Giant spiked club |       |    57 |       |       ||    57
       Dire flail        |       |       |    40 |       ||    40
       Morningstar       |       |       |    39 |   173 ||   212
       Kick              |       |       |     2 |    64 ||    66
       Headbutt          |       |       |     1 |    42 ||    43
 Fire: Blowgun           |       |     4 |    34 |     2 ||    40
Throw: Tomahawk          |     5 |       |     7 |       ||    12
       Large rock        |       |       |     4 |       ||     4
       Javelin           |       |       |       |    15 ||    15
Invok: Berserk           |     3 |     8 |     9 |     8 ||    28
       Trog's Hand       |       |       |       |     1 ||     1
Evoke: Wand              |       |       |     1 |     4 ||     5
  Use: Scroll            |     3 |     6 |    13 |     3 ||    25
       Potion            |       |       |       |     9 ||     9
 Stab: Sleeping          |       |       |       |     1 ||     1
  Eat: Chunk             |     2 |    13 |    25 |     8 ||    48
       Pizza             |       |     1 |       |       ||     1
       Meat ration       |       |       |     1 |     3 ||     4
       Fruit             |       |       |       |     2 ||     2
Armor: Animal skin       |    30 |    47 |    77 |    30 ||   184
Dodge: Dodged            |    49 |    96 |   145 |    49 ||   339
